 Dungeon Crawl Stone Soup version 0.24.1-14-gf8d2b509d9 (webtiles) character file.

Game seed: 15715694657822568603, levelgen mode: deterministic

4638 Descartes the Covert (level 10, -1/46 HPs)
             Began as a Felid Skald on May 29, 2020.
             Slain by a catoblepas (22 damage)
             ... on level 9 of the Dungeon.
             The game lasted 00:54:56 (26662 turns).

Descartes the Covert (Felid Skald)                 Turns: 26662, Time: 00:54:56

Health: -1/46      AC:  2    Str: 10    XL:     10   Next: 20%
Magic:  0/17       EV: 24    Int: 16    God:
Gold:   622        SH:  0    Dex: 15    Spells: 5/17 levels left
                                        Lives:  0   Deaths: 3

rFire    . . .     SeeInvis +     - Unarmed
rCold    + . .     Gourm    .   (shield unavailable)
rNeg     + + .     Faith    .   (armour unavailable)
rPois    .         Spirit   +   (helmet unavailable)
rElec    .         Reflect  .   (cloak unavailable)
rCorr    +         Harm     .   (gloves unavailable)
MR       +....                  (boots unavailable)
Stlth    +++++.....             s - amulet of guardian spirit
HPRegen  0.15/turn              A - ring of Meecs {rN++ rCorr}
MPRegen  0.15/turn              y - ring of protection from cold

@: quick
A: very small, no armour, no weapons or thrown items, stealth, claws 1, fangs 3,
see invisible, carnivore, speed 1, shaggy fur 2, slow metabolism 1, sharp paws
a: no special abilities


You were on level 9 of the Dungeon.
You were completely stuffed.

You visited 2 branches of the dungeon, and saw 11 of its levels.
You also visited: Ossuary.

You collected 622 gold pieces.

Inventory:

Missiles
 a - 448 stones
 n - 179 arrows
Jewellery
 s - an amulet of guardian spirit (around neck)
 y - a ring of protection from cold (right paw)
 A - the ring of Meecs (left paw) {rN++ rCorr}
   (You found it on level 7 of the Dungeon)

   [ring of resist corrosion]

   It greatly protects you from negative energy.
   It provides partial protection from all sources of acid and corrosion.
Wands
 h - a wand of flame (35)
 m - a wand of iceblast (8)
 t - a wand of digging (7)
 u - a wand of random effects (37)
Scrolls
 e - 3 scrolls of identify
 f - 4 scrolls of immolation
 g - 8 scrolls of remove curse
 k - 6 scrolls of teleportation
 q - a scroll of fear
 v - a scroll of vulnerability
 w - a scroll of noise
 z - a scroll of torment
Potions
 c - 7 potions of brilliance
 d - 2 potions of flight
 i - 8 potions of curing
 j - 2 potions of might
 l - 3 potions of lignification
 o - a potion of invisibility
 p - a potion of berserk rage
 x - a potion of agility
Comestibles
 b - 19 rations
 r - 6 chunks of flesh


   Skills:
 + Level 6.6 Fighting
 + Level 8.6 Dodging
 * Level 12.2 Stealth
 * Level 9.2 Unarmed Combat
 - Level 4.0 Spellcasting
 - Level 4.0 Conjurations
 - Level 4.0 Hexes
 - Level 4.0 Charms
 + Level 3.1 Necromancy
 - Level 4.0 Translocations
 - Level 4.0 Evocations


You had 5 spell levels left.
You knew the following spells:

 Your Spells              Type           Power        Failure   Level  Hunger
a - Dazzling Spray        Conj/Hex       ###...       10%         3    ###....
b - Shroud of Golubria    Chrm/Tloc      ###...       4%          2    ##.....
c - Regeneration          Chrm/Necr      ##........   12%         3    ###....
d - Confuse               Hex            ###.....     10%         3    ###....
e - Infusion              Chrm           ###.         3%          1    None

Your spell library contained the following spells:

 Spells                   Type           Power        Failure   Level  Hunger
 Apportation              Tloc           ###...       3%          1    None
 Corona                   Hex            ###....      3%          1    None
 Magic Dart               Conj           ###.         3%          1    None
 Animate Skeleton         Necr           N/A          4%          1    None
 Pain                     Necr           ##..         4%          1    None
 Blink                    Tloc           N/A          4%          2    ##.....
 Slow                     Hex            ###.....     4%          2    ##.....
 Song of Slaying          Chrm           ###.....     4%          2    ##.....
 Lesser Beckoning         Tloc           ###.......   10%         3    ###....
 Tukima's Dance           Hex            ###.....     10%         3    ###....
 Ensorcelled Hibernation  Hex/Ice        #.....       11%         2    ##.....
 Throw Frost              Conj/Ice       #.....       11%         2    ##.....
 Beastly Appendage        Tmut           #.....       17%         1    None
 Freeze                   Ice            #...         17%         1    None
 Summon Butterflies       Summ           #.......     17%         1    None
 Conjure Flame            Conj/Fire      #.......     22%         3    ###....
 Ozocubu's Armour         Chrm/Ice       #.......     22%         3    ###....
 Call Imp                 Summ           #.......     26%         2    ##.....
 Sticks to Snakes         Tmut           #.......     26%         2    ##.....
 Mephitic Cloud           Conj/Pois/Air  #.......     28%         3    ###....
 Spider Form              Tmut/Pois      #.........   45%         3    ###....
 Throw Icicle             Conj/Ice       #.......     58%         4    ####...
 Agony                    Necr           ##......     78%         5    ######.
 Ice Form                 Ice/Tmut       #.......     86%         4    ####...
 Petrify                  Tmut/Erth      #.......     86%         4    ####...
 Summon Ice Beast         Ice/Summ       #.......     86%         4    ####...
 Alistair's Intoxication  Tmut/Pois      #.......     99%         5    ######.
 Blade Hands              Tmut           #.........   99%         5    ######.
 Invisibility             Hex            ###.....     99%         6    #######
 Shatter                  Erth           #.........   100%        9    #######
 Spectral Weapon          Hex/Chrm       Unusable     N/A         3    N/A

Dungeon Overview and Level Annotations

Branches:
Dungeon (10/15)            Temple (1/1) D:7             Orc (0/2) D:10
Ossuary (visited)
   Lair: D:8-11

Altars:
Ashenzari
Cheibriados
Dithmenos
Elyvilon
Fedhas
Gozag
Hepliaklqana
Kikubaaqudgha
Makhleb
Nemelex Xobeh
Okawaru
Qazlal
Ru
Sif Muna
Trog
Uskayaw
Vehumet
Wu Jian
Xom
Yredelemnul
Zin
The Shining One


Innate Abilities, Weirdness & Mutations

You cannot wear armour.
You are incapable of wielding weapons or throwing items.
Your paws allow you to move quietly. (Stealth)
You have sharp claws.
You have razor-sharp teeth.
You have supernaturally acute eyesight. (SInv)
You are carnivorous and can eat meat at any time.
You cover ground quickly.
You are covered in thick fur. (AC +2)
You have a slow metabolism.
Your sharp claws are effective at attacking unaware monsters.


Message History

There is an escape hatch in the ceiling here.
Casting: Dazzling Spray (safe; 10% risk of failure)
Confirm with . or Enter, or press ? or * to list all spells.
Aiming: Dazzling Spray (safe; 10% risk of failure)
Press: ? - help, Shift-Dir - straight line, f - catoblepas
Aim: a catoblepas (hasn't noticed you)
The spray of energy hits the catoblepas but does no damage.
The catoblepas bellows!
Casting: Dazzling Spray (safe; 10% risk of failure)
Confirm with . or Enter, or press ? or * to list all spells.
Space distorts slightly along a thin shroud covering your body.
The catoblepas completely misses you.
You scratch the catoblepas but do no damage.
The catoblepas closely misses you. The catoblepas gores you!!
Ouch! That really hurt!
Your shroud falls apart!
A mysterious force pulls you upwards. The hatch slams shut behind you.
The catoblepas gores you!!
You die...

### #### ..# #..# ..#
#..# ..# #.<# ..# #>.#
..#######..###########
..............รท.@....#
.[...............Y...#
##(.########..########
#..# #..# #..# #..#
*#..#******#..#*******
,....,,,,,,....,,,,,,*
......,,,,......,,,,,*
#####(,***##..##******


You could see a catoblepas.

Vanquished Creatures
  Harold (D:7)
  Nergalle (D:10)
  Joseph (D:9)
  A gargoyle (D:8)
  2 trolls (D:9)
  A wraith (D:9)
  A wyvern (D:9)
  4 hogs
  A human (D:10)
  14 yaks
  2 water moccasins
  Duvessa (D:7)
  A black bear (D:8)
  2 orc warriors
  2 ice beasts
  A necrophage (D:7)
  2 sky beasts
  4 ogres
  5 phantoms
  2 centaurs
  Blork the orc (D:6)
  4 big kobolds
  4 bullfrogs
  Dowan (D:7)
  2 scorpions
  A killer bee (D:7)
  2 howler monkeys
  2 quasits
  3 crimson imps
  4 hounds
  A human zombie (Ossuary)
  4 jellies
  A bullfrog zombie (D:10)
  A gnoll shaman (D:5)
  4 orc priests
  A centaur skeleton (D:8)
  4 iguanas
  9 orc wizards
  5 worker ants
  A killer bee zombie (D:6)
  A hound zombie (D:8)
  6 mummies (Ossuary)
  A howler monkey skeleton (D:4)
  21 gnolls
  11 adders
  3 shadow imps
  An ooze (D:8)
  An adder skeleton (D:5)
  2 worms
  3 dart slugs (D:1)
  8 leopard geckos
  36 orcs
  8 giant cockroaches
  2 gnoll zombies (Ossuary)
  31 goblins
  28 hobgoblins
  8 jackals
  5 quokkas
  3 ball pythons
  6 bats
  9 frilled lizards
  A goblin zombie (Ossuary)
  A hobgoblin zombie (Ossuary)
  12 kobolds
  2 kobold zombies (Ossuary)
  2 leopard gecko skeletons
  An orc zombie (Ossuary)
  2 quokka skeletons
  6 rats
325 creatures vanquished.

Notes
Turn   | Place    | Note
-------+----------+-------------------------------------------
     0 | D:1      | Descartes the Felid Skald began the quest for the Orb.
     0 | D:1      | Reached XP level 1. HP: 9/9 MP: 4/4
   137 | D:1      | Reached skill level 1 in Stealth
   161 | D:1      | Reached XP level 2. HP: 10/13 MP: 6/6
  1559 | D:1      | Reached XP level 3. HP: 12/16 MP: 7/7
  1778 | D:1      | Reached skill level 2 in Stealth
  2024 | D:1      | Learned a level 2 spell: Shroud of Golubria
  2999 | D:2      | Reached XP level 4. HP: 20/20 MP: 5/8
  3033 | D:2      | Reached skill level 1 in Translocations
  3055 | D:2      | Reached skill level 3 in Stealth
  3392 | D:2      | Reached XP level 5. HP: 18/23 MP: 2/9
  4383 | D:3      | Found an iron altar of Okawaru.
  4571 | D:3      | Found a glowing golden altar of the Shining One.
  4590 | D:3      | Found a faded altar of an unknown god.
  4651 | D:3      | Found a basalt altar of Yredelemnul.
  6392 | D:3      | Reached skill level 4 in Stealth
  6392 | D:3      | Gained mutation: You are covered in thick fur. (AC +2)
                  | [Felid growth]
  6392 | D:3      | Reached XP level 6. HP: 27/27 MP: 2/11
  6538 | D:3      | Reached skill level 1 in Evocations
  6802 | D:3      | Noticed an angel
  7234 | D:4      | Reached XP level 7. HP: 13/31 MP: 5/12
  7379 | D:4      | Reached skill level 5 in Stealth
  9476 | D:5      | Entered Level 5 of the Dungeon
  9571 | D:5      | Reached skill level 5 in Dodging
  9571 | D:5      | Reached skill level 6 in Stealth
  9642 | D:5      | Reached XP level 8. HP: 36/36 MP: 11/14
  9760 | D:5      | Reached skill level 5 in Unarmed Combat
 10031 | D:5      | Found an opulent altar of Gozag.
 10788 | D:5      | Slain by a gnoll
 10789 | D:5      | Reached XP level 7. HP: -1/31 MP: 0/13
 11250 | D:5      | Reached skill level 7 in Stealth
 12345 | D:6      | Found a shimmering altar of Xom.
 12709 | D:5      | Reached XP level 8. HP: 36/36 MP: 6/14
 13217 | D:6      | Noticed Blork the orc
 13232 | D:6      | Killed Blork the orc
 13474 | D:6      | Learned a level 3 spell: Dazzling Spray
 13478 | D:6      | Learned a level 3 spell: Confuse
 13482 | D:6      | Learned a level 3 spell: Regeneration
 13727 | D:6      | Reached skill level 8 in Stealth
 14336 | D:7      | Reached skill level 1 in Hexes
 14371 | D:7      | Found a staircase to the Ecumenical Temple.
 14384 | Temple   | Entered the Ecumenical Temple
 14630 | D:7      | Reached skill level 1 in Conjurations
 14790 | D:7      | Noticed a white ugly thing
 14791 | D:7      | Found the +3 sling "Punk" {acid, rCorr}
 14995 | D:7      | Found a shattered altar of Ashenzari.
 14997 | D:7      | Found a stormy altar of Qazlal.
 15066 | D:7      | Noticed a gargoyle
 15119 | D:8      | Found a sand-covered staircase.
 15128 | Ossuary  | Entered an ossuary
 15192 | Ossuary  | Reached XP level 9. HP: 26/40 MP: 0/16
 15941 | D:8      | Found a radiant altar of Vehumet.
 16233 | D:8      | Reached skill level 5 in Fighting
 16233 | D:8      | Reached skill level 9 in Stealth
 17078 | D:9      | Found a glowing silver altar of Zin.
 17360 | D:9      | Noticed Joseph
 17377 | D:9      | Killed Joseph
 17399 | D:9      | Noticed a troll
 17926 | D:9      | HP: 2/40 [yak (5)]
 18235 | D:8      | Reached skill level 10 in Stealth
 18914 | D:9      | Killed a troll
 18914 | D:9      | Reached XP level 10. HP: 17/45 MP: 3/17
 19114 | D:9      | Found a shimmering altar of Xom.
 19114 | D:9      | Found a burning altar of Makhleb.
 19152 | D:10     | Entered Level 10 of the Dungeon
 19762 | D:10     | Noticed a catoblepas
 19762 | D:10     | Noticed a manticore
 19876 | D:9      | Reached skill level 1 in Necromancy
 20330 | D:8      | Killed a gargoyle
 20652 | D:7      | HP: 1/45 [white ugly thing (13)]
 20652 | D:7      | Mangled by a white ugly thing
 20653 | D:7      | Reached XP level 9. HP: -11/41 MP: 0/16
 20699 | D:7      | Noticed Duvessa
 20702 | D:7      | Reached skill level 11 in Stealth
 20704 | D:7      | Noticed Dowan
 20761 | D:7      | Noticed Harold
 20865 | D:7      | Found a hide-covered altar of Uskayaw.
 20865 | D:7      | Found an ornate altar of the Wu Jian Council.
 20868 | D:7      | Found an ancient bone altar of Kikubaaqudgha.
 20940 | D:7      | Killed Duvessa
 21109 | D:7      | Killed Dowan
 21511 | D:7      | Identified the Collected Works on the Doomed Mountains
 21517 | D:7      | Got a translucent iron ring
 21527 | D:7      | Identified the ring of Meecs {rN++ rCorr} (You found it on
                  | level 7 of the Dungeon)
 22275 | D:7      | Killed Harold
 22275 | D:7      | Reached XP level 10. HP: 45/45 MP: 9/17
 22481 | D:7      | Found a staircase to the Ecumenical Temple.
 22791 | D:7      | Mangled by a white ugly thing
 22792 | D:7      | Reached XP level 9. HP: -7/41 MP: 0/16
 25085 | D:10     | Noticed a troll
 25376 | D:9      | Killed a troll
 25488 | D:10     | Found a staircase to the Orcish Mines.
 25872 | D:10     | Noticed Nergalle
 25880 | D:10     | Killed Nergalle
 25888 | D:10     | Reached skill level 12 in Stealth
 25898 | D:10     | Reached XP level 10. HP: 12/46 MP: 1/17
 26662 | D:9      | Slain by a catoblepas

Levels and vault maps discovered:
D:1:      ncdulo_halloftheorcs, layout_basic
D:2:      layout_rooms, serial_glass, glass_columns_b, glass_columns_a
D:3:      minmay_goblin_kobold_castle, layout_rooms,
          grunt_temple_overflow_holy_war, chequers_ecumenical_altar_simple,
          okawaru_metal_pillars_1_2
D:4:      layout_rooms, first_ration
D:5:      layout_layer_cave, serial_rivers, chequers_serial_rivers_large_b,
          chequers_serial_rivers_small_b, chequers_serial_rivers_micro_b,
          chequers_serial_rivers_marsh, chequers_serial_rivers_room_b,
          chequers_serial_rivers_small_a, kennysheep_nondescript,
          grunt_ministairs_6, grunt_gozag_statues
D:6:      layout_layer_cave, dk_xom_monty_hall, uniq_blork_the_orc
D:7:      minmay_the_grid_triangle_9x9_recursive_2
          [minmay_the_grid_triangle_9x9_prize_center,
          minmay_the_grid_triangle_9x9_steps,
          minmay_the_grid_triangle_9x9_descending_squares,
          minmay_the_grid_triangle_9x9_corruption], layout_basic,
          nicolae_overflow_hidden_temple, minmay_temple_entry_slanted,
          uniq_duvessa, uniq_harold
D:8:      layout_basic, vehumet_crystals, enter_ossuary_1
D:9:      layout_small_grid, grunt_temple_overflow_champion_of_chaos,
          zin_treasury, uniq_joseph
D:10:     nzn_motion_control, layout_cave_pools, orc_0_dummy,
          serial_column_ruins, column_ruins_hut, column_ruins_open_tiny_water,
          column_ruins_grid_1, column_ruins_open_small_water,
          column_ruins_corridor_corner, column_ruins_corridor_dead_end,
          grunt_livestock, uniq_nergalle
Temple:   minmay_temple_curvy_loop

Skill      XL: |  1  2  3  4  5  6  7  8  9 10 |
---------------+-------------------------------+-----
Stealth        | 1 2 3 4 7 8 12 | 12.2
Charms         | 4 |  4.0
Translocations | 1 2 3 4 |  4.0
Unarmed Combat | 3 4 6 9 8 |  9.2
Dodging        | 4 5 6 8 |  8.6
Fighting       | 3 4 6 |  6.6
Evocations     | 1 3 4 |  4.0
Spellcasting   | 3 4 |  4.0
Hexes          | 2 4 |  4.0
Conjurations   | 1 4 3 |  4.0
Necromancy     | 2 3 |  3.1

Action                   |  1- 3 |  4- 6 |  7- 9 | 10-12 || total
-------------------------+-------+-------+-------+-------++-------
Melee: Unarmed           |   153 |   330 |   984 |   159 ||  1626
       Bite              |     9 |    18 |    86 |    19 ||   132
       Punch             |       |     6 |    36 |     6 ||    48
 Cast: Shroud of Golubri |     7 |    34 |   100 |    19 ||   160
       Infusion          |     1 |     9 |    34 |     3 ||    47
       Dazzling Spray    |       |       |    35 |    12 ||    47
       Confuse           |       |       |     7 |       ||     7
       Regeneration      |       |       |     2 |       ||     2
  Use: Scroll            |       |     8 |    12 |       ||    20
       Potion            |       |       |     4 |       ||     4
 Stab: Sleeping          |     7 |     2 |    19 |     5 ||    33
       Distracted        |       |       |     3 |       ||     3
       Invisible         |       |       |     8 |     2 ||    10
  Eat: Chunk             |    12 |    11 |    49 |    13 ||    85
Armor: Skin              |     7 |    10 |    40 |     5 ||    62
Dodge: Dodged            |   117 |   320 |   790 |   150 ||  1377
